 Dungeon Crawl Stone Soup version 0.31.0-9-g3a7656b989 (webtiles) character file.

Game seed: 14781790924723643316

1875 Chiseanne the Covert (level 9, 0/56 (62) HPs)
             Began as an Octopode Shapeshifter on Feb 6, 2024.
             Was an Initiate of Gozag.
             Slain by Jeremiah
             ... wielding a +4 trident of draining
              (3 damage)
             ... on level 7 of the Dungeon.
             The game lasted 00:11:01 (6472 turns).

Chiseanne the Covert (Octopode Shapeshifter)        Turns: 6472, Time: 00:11:02

HP:   0/56 (62)     AC:  1    Str: 13    XL:     9   Next: 14%
MP:   18/18         EV: 15    Int: 13    God:    Gozag
Gold: 892           SH:  0    Dex: 15    Spells: 8/8 levels left

rFire   . . .        q - +2 dagger (venom)
rCold   . . .        (no shield)
rNeg    . . .        (helmet currently unavailable)
rPois   .            (no amulet)
rElec   .            n - ring of magical power
rCorr   .            (no ring)
SInv    .            (no ring)
Will    .....        (no ring)
Stlth   +++++        (no ring)
HPRegen 0.29/turn    (no ring)
MPRegen 0.16/turn    (no ring)
                     (no ring)

%: no passive effects
@: beast-form, hasted (expiring), drained, very quick
A: beast (slay +3), almost no armour, amphibious, 8 rings, camouflage 1,
gelatinous body 1, (nimble swimmer 1), tentacles
a: Begin Untransformation, Renounce Religion, Potion Petition, Call Merchant,
Bribe Branch


You were on level 7 of the Dungeon.
You worshipped Gozag.
Gozag was pleased with you.
You were a hulking beast.
You visited 1 branch of the dungeon, and saw 7 of its levels.

You collected 932 gold pieces.
You paid 40 gold pieces to Gozag.

Inventory:

Hand Weapons
 o - a +2 dagger of flaming
 q - a +2 dagger of venom (weapon)
Missiles
 e - 62 stones
 h - 9 boomerangs
 j - 11 poisoned darts
 p - a throwing net (quivered)
Jewellery
 n - a ring of magical power (left tentacle)
Talismans
 b - a beast talisman (active)
 c - a flux talisman
 g - a blade talisman
 u - a maw talisman
Scrolls
 i - 4 scrolls of teleportation
 s - a scroll of blinking
Potions
 a - a potion of lignification
 d - a potion of cancellation
 f - 2 potions of heal wounds
 k - a potion of resistance
 l - a potion of ambrosia {unknown}
 m - a potion of attraction
 r - a potion of enlightenment
 t - a potion of curing {unknown}


   Skills:
 * Level 5.7 Fighting
 * Level 6.0 Dodging
 * Level 8.1 Stealth
 - Level 3.0 Unarmed Combat
 * Level 6.1 Shapeshifting


You had 8 spell levels left.
You didn't know any spells.
Your spell library contained the following spells:

 Spells                   Type           Power      Damage    Failure   Level
 Slow                     Hex            0%         N/A       30%         1
 Confusing Touch          Hex            0%         N/A       67%         3
 Sigil of Binding         Hex            0%         N/A       67%         3
 Vampiric Draining        Necr           0%         2d6       67%         3


Dungeon Overview and Level Annotations

Branches:
Dungeon (7/15)             Temple (0/1) D:5

Altars:
Ashenzari
Elyvilon
Fedhas
Gozag
Hepliaklqana
Nemelex Xobeh
Okawaru
Ru
Uskayaw
Yredelemnul

Shops:
D:6 :

Annotations:
D:4 2 transporters
D:6 exclusion: downstairs
D:7 Jeremiah


Innate Abilities, Weirdness & Mutations

You are a hulking beast.
Your limbs bulge with bestial killing power. (Slay +3)
You cannot wear most types of armour.
You are amphibious.
You can wear up to eight rings at the same time.
Your skin changes colour to match your surroundings (Stealth+).
Your rubbery body absorbs attacks. (AC +1, EV +1)
((You are camouflaged when in or above water. (Stealth+)))
You have tentacles for arms and can constrict up to eight enemies at once.


Message History

Things that are here:
a +0 dagger; a +0 robe You now have 884 gold pieces (gained 6).
Things that are here:
a +0 flail; a +0 leather armour You now have 892 gold pieces (gained 8).
Things that are here:
a +0 club; a +0 chain mail A white imp comes into view.
There is a stone staircase leading down here.
Found 14 gold pieces.
You see here a potion of attraction.
m - a potion of attraction The white imp shouts!
Jeremiah shouts!
You hear a bark!
Jeremiah looks at their weapon with confusion.
There is a stone staircase leading up here.
A hound comes into view.
Your extra speed is starting to run out.
The white imp hits you. The white imp freezes you. The white imp hits you.
The white imp freezes you.
Jeremiah hits you with a +4 trident of draining!
You feel drained.
You hit Jeremiah. You grab Jeremiah.
Jeremiah is lightly wounded.
You constrict Jeremiah, but do no damage.
You hit Jeremiah. You squeeze Jeremiah.
Jeremiah is lightly wounded.
You constrict Jeremiah, but do no damage.
Jeremiah hits you with a +4 trident of draining!
You feel drained. The hound barely misses you.
The white imp hits you but does no damage.
You hit Jeremiah but do no damage.
Jeremiah is lightly wounded.
You constrict Jeremiah.
Jeremiah hits you with a +4 trident of draining!
* * * LOW HITPOINT WARNING * * *
You feel drained.
You die...
Jeremiah asks, "Is it over?
Can I wake up now?"
Your body crumbles into a pile of gold.

#...# #....
..##....###....
.........#.....
#..........<....
###................
##.................#
##.bbbb...........###
###..bFh.........#....#
#...#bhb..b...[........
#$..#.5.#b..##.........
#....#......###..######
#.....#....b..##......##
##......<...............
##.....................
##..............<.....
#............#.......
##......>...##.......


You could see Jeremiah, a hound and a white imp.

Vanquished Creatures
  Joseph (D:7)
  A wyvern (D:7)
  2 black bears
  An ogre (D:6)
  A centaur (D:7)
  A bullfrog (D:7)
  A scorpion (D:5)
  6 hounds
  2 jellies
  4 orc wizards
  Natasha (thrice) (D:4)
  10 iguanas
  8 adders
  7 gnolls
  2 shadow imps
  2 ufetubi (D:6)
  4 dart slugs
  A ribbon worm (D:4)
  21 orcs
  5 endoplasms
  4 giant cockroaches
  11 goblins
  9 hobgoblins
  5 kobolds
  7 quokkas
  7 ball pythons
  2 bats
  A frilled lizard (D:1)
  6 rats
135 creatures vanquished.

Notes
Turn   | Place    | Note
-------+----------+-------------------------------------------
     0 | D:1      | Chiseanne the Octopode Shapeshifter began the quest for the
                  | Orb.
     0 | D:1      | Reached XP level 1. HP: 13/13 MP: 1/1
   233 | D:1      | Reached skill level 1 in Stealth
   233 | D:1      | Reached XP level 2. HP: 15/18 MP: 2/2
   695 | D:1      | Reached XP level 3. HP: 23/23 MP: 3/3
  1186 | D:2      | Reached skill level 2 in Stealth
  1283 | D:2      | Found a hazy altar of Hepliaklqana.
  1769 | D:3      | Found an opulent altar of Gozag.
  1774 | D:3      | Became a worshipper of Gozag Ym Sagoz the Greedy
  1851 | D:3      | Reached XP level 4. HP: 11/29 MP: 4/4
  2070 | D:3      | Reached skill level 3 in Stealth
  2070 | D:3      | Reached XP level 5. HP: 24/35 MP: 5/5
  2555 | D:3      | Found a blossoming altar of Fedhas.
  2761 | D:4      | Found a transporter.
  2763 | D:4      | Found a hide-covered altar of Uskayaw.
  2931 | D:4      | Noticed Natasha
  2936 | D:4      | Killed Natasha
  2937 | D:4      | Reached XP level 6. HP: 32/41 MP: 6/6
  2996 | D:4      | Reached skill level 4 in Stealth
  3142 | D:4      | Found a basalt altar of Yredelemnul.
  3162 | D:4      | Found a white marble altar of Elyvilon.
  3277 | D:4      | Noticed Natasha
  3281 | D:4      | Killed Natasha
  3351 | D:4      | Noticed Natasha
  3359 | D:4      | Killed Natasha
  3542 | D:4      | Found a transporter.
  3545 | D:4      | Noticed an ice beast
  3545 | D:4      | Noticed an ice beast
  3633 | D:4      | Reached XP level 7. HP: 41/46 MP: 7/7
  3708 | D:4      | Reached skill level 5 in Stealth
  3909 | D:5      | Entered Level 5 of the Dungeon
  4656 | D:5      | Reached skill level 6 in Stealth
  4686 | D:5      | Found an iron altar of Okawaru.
  4697 | D:5      | Reached XP level 8. HP: 49/54 MP: 8/8
  4880 | D:5      | Found a staircase to the Ecumenical Temple.
  4932 | D:5      | Reached skill level 5 in Shapeshifting
  4974 | D:5      | Found a sacrificial altar of Ru.
  5272 | D:6      | Noticed a walking crystal tome
  5274 | D:6      | Found a sparkling altar of Nemelex Xobeh.
  5274 | D:6      | Found Saec's Book Shoppe.
  5276 | D:6      | Noticed a walking earthen tome
  5327 | D:6      | HP: 1/54 [ogre/+0 giant club (27)]
  5329 | D:6      | Reached skill level 5 in Dodging
  5515 | D:6      | Found a broken altar of Ashenzari.
  5878 | D:6      | Found a hazy altar of Hepliaklqana.
  6191 | D:7      | Noticed Jeremiah
  6221 | D:7      | Noticed a wyvern
  6229 | D:7      | Killed a wyvern
  6230 | D:7      | Reached skill level 5 in Fighting
  6230 | D:7      | Reached skill level 7 in Stealth
  6413 | D:7      | Noticed Joseph
  6427 | D:7      | Killed Joseph
  6428 | D:7      | Reached skill level 8 in Stealth
  6428 | D:7      | Reached XP level 9. HP: 44/62 MP: 9/9
  6472 | D:7      | Slain by Jeremiah

Illustrated notes

Levels and vault maps discovered:
D:1:      heliophobic_arrival_henge, layout_basic, chequers_big_river
D:2:      cheibrodos_old_hovel, layout_basic, basic_altar,
          minmay_strange_pillars
D:3:      layout_rooms, overflow_temple_1_default, mainiacjoe_overflow_brackets,
          cheibrodos_sewer_entry_drain
D:4:      gammafunk_cloud_chamber, layout_basic, nicolae_uskayaw_dance_hall,
          yredelemnul_altar_generic, nicolae_elyvilon_temple_path, uniq_natasha
D:5:      layout_loops_ring, okawaru_altar_gauntlet_db,
          nicolae_ru_the_path_less_chosen, minmay_temple_entry_poolview,
          minmay_misc_feat_five
D:6:      layout_basic, mainiacjoe_overflow_alcove_1,
          ashenzari_conservatory_becter, nemelex_xobeh_ov_fountains_minmay,
          serial_shops, nicolae_shop_mannequins
D:7:      layout_cave_pools, uniq_jeremiah, uniq_maggie, uniq_joseph, uniq_pikel

Skill      XL: |  1  2  3  4  5  6  7  8 |
---------------+-------------------------+-----
Stealth        | 1 2 3 4 6 8 |  8.1
Fighting       | 2 3 4 5 |  5.7
Dodging        | 3 4 6 |  6.0
Shapeshifting  | 4 6 |  6.1
Unarmed Combat | |  3.0

Action                     |  1- 3 |  4- 6 |  7- 9 || total
---------------------------+-------+-------+-------++-------
  Melee: Unarmed           |    73 |   100 |   107 ||   280
         Constrict         |    23 |    30 |    32 ||    85
         Tentacles         |    16 |    31 |    36 ||    83
         Punch             |     2 |     1 |     3 ||     6
         Dagger            |       |       |    28 ||    28
  Throw: Boomerang         |       |     4 |       ||     4
         Dart              |       |    10 |       ||    10
         Throwing net      |       |       |     1 ||     1
    Use: Scroll            |     6 |       |     7 ||    13
         Potion            |       |       |     2 ||     2
   Stab: Sleeping          |    11 |    12 |    16 ||    39
         Held in net/web   |       |       |     1 ||     1
 Armour: Skin              |    39 |    34 |    75 ||   148
  Dodge: Dodged            |    34 |    51 |   104 ||   189
   Form: Beast             |     1 |       |       ||     1
